 Dungeon Crawl Stone Soup version 0.23.2-40-g277498a001 (webtiles) character file.

Game seed: 13178860456860305728

18 Kisurie the Cudgeler (level 2, 0/37 HPs)
             Began as a Minotaur Gladiator on Oct 2, 2019.
             Succumbed to an adder's poison
             ... on level 2 of the Dungeon.
             The game lasted 00:01:51 (234 turns).

Kisurie the Cudgeler (Minotaur Gladiator)            Turns: 234, Time: 00:01:52

Health: 0/37       AC: 21    Str: 18    XL:     2   Next: 51%
Magic:  1/1        EV:  2    Int:  5    God:
Gold:   11         SH:  0    Dex: 11    Spells: 1/1 levels left

rFire    . . .     SeeInvis .   a - +0 flail
rCold    . . .     Gourm    .   (no shield)
rNeg     + + +     Faith    .   (armour currently unavailable)
rPois    +         Spirit   .   (helmet currently unavailable)
rElec    .         Reflect  .   (cloak currently unavailable)
rCorr    .         Harm     .   (gloves currently unavailable)
MR       .....     NoTele   +   (boots currently unavailable)
Stlth    +.........             (no amulet)
HPRegen  0.12/turn              (no ring)
MPRegen  0.07/turn              (no ring)

@: lethally poisoned (0 -> -1), tree-form
A: (retaliatory headbutt)
a: no special abilities


You were on level 2 of the Dungeon.
You were not hungry.
You were a tree.
You visited 1 branch of the dungeon, and saw 2 of its levels.

You collected 11 gold pieces.

Inventory:

Hand Weapons
 a - a +0 flail (weapon)
Missiles
 d - 3 throwing nets (quivered) {!f}
Armour
 b - a +0 leather armour (melded)
 c - a +0 hat (melded)
Scrolls
 f - a scroll of enchant armour {unknown}
 g - a scroll of magic mapping {unknown}
 i - a scroll of teleportation {unknown}
Potions
 j - a potion of lignification {!q}
Comestibles
 e - 3 rations {!d}
 h - 4 chunks of flesh


   Skills:
 + Level 2.8 Fighting
 + Level 3.9 Maces & Flails
 + Level 2.3 Throwing
 + Level 3.6 Dodging


You had one spell level left.
You didn't know any spells.
Your spell library was empty.

Dungeon Overview and Level Annotations

Branches:
Dungeon (1/15)

Altars:


Innate Abilities, Weirdness & Mutations

((You reflexively headbutt those who attack you in melee.))
((You have a pair of horns on your head.))


Message History

The adder bites you.
* * * LOW HITPOINT WARNING * * *
You are lethally poisoned!
The adder poisons you!
A rat comes into view.
You hit the adder but do no damage.
* * * LOW HITPOINT WARNING * * *
You feel sick. The adder bites you.
* * * LOW HITPOINT WARNING * * *
You closely miss the adder. Your headbutt misses the adder.
The adder bites you.
* * * LOW HITPOINT WARNING * * *
The adder closely misses you.
You miss the adder.
* * * LOW HITPOINT WARNING * * *
You feel sick. The adder barely misses you.
You hit the adder.
* * * LOW HITPOINT WARNING * * *
You feel sick.
The adder barely misses you. x2; The rat misses you.
You furiously retaliate!
You headbutt the rat!
You kill the rat!
You miss the adder. You headbutt the adder!
You kill the adder!
* * * LOW HITPOINT WARNING * * *
You feel sick.
You see here an adder corpse.
Unknown command.
* * * LOW HITPOINT WARNING * * *
You feel sick.
There isn't anything here!
There is a lethal amount of poison in your body!
Okay, then.
It was a potion of lignification.
You turn into a tree.
Your +0 hat melds into your body.
Your +0 leather armour melds into your body.
Your roots penetrate the ground.
There isn't anything here!
Okay, then.
* * * LOW HITPOINT WARNING * * *
You feel sick.
* * * LOW HITPOINT WARNING * * *
You feel sick.
* * * LOW HITPOINT WARNING * * *
You feel sick.
Unknown command.
* * * LOW HITPOINT WARNING * * *
You feel sick.
Unknown command.
Unknown command.
You die...

#### #.. #
#.#####
###.###♣#...#
#....>.†#.#+#+##
#.#....%.......#
#............#
#............#
#########+#....
.... ).. ##


There were no monsters in sight!

Vanquished Creatures
  An adder (D:2)
  A dart slug (D:1)
  A leopard gecko (D:1)
  A bat (D:1)
  3 kobolds (D:1)
  2 rats (D:2)
9 creatures vanquished.

Notes
Turn   | Place    | Note
-------+----------+-------------------------------------------
     0 | D:1      | Kisurie the Minotaur Gladiator began the quest for the Orb.
     0 | D:1      | Reached XP level 1. HP: 18/18 MP: 0/0
   168 | D:1      | Reached XP level 2. HP: 25/25 MP: 1/1
   202 | D:1      | You fall through a shaft!
   226 | D:2      | HP: 1/37 [poisoned by an adder]
   234 | D:2      | Succumbed to an adder's poison

Action                   || total
-------------------------++-------
Melee: Flail             ||    21
       Headbutt          ||     3
  Use: Potion            ||     1
Armor: Leather armour    ||     8
Dodge: Dodged            ||    15
